 Dungeon Crawl Stone Soup version 0.19-a0-1931-gf4bb0bd (webtiles) character file.

200 Kwzr the Cudgeler (level 5, -18/32 HPs)
             Began as a Gargoyle Fighter on Oct 25, 2016.
             Demolished by an ogre
             ... wielding a +0 giant spiked club
              (24 damage)
             ... on level 4 of the Dungeon.
             The game lasted 00:13:00 (3343 turns).

Kwzr the Cudgeler (Gargoyle Fighter)                Turns: 3343, Time: 00:13:00

Health: -18/32     AC:  8    Str: 21    XL:     5   Next: 78%
Magic:  5/5        EV:  8    Int:  8    God:
Gold:   209        SH:  9    Dex:  9    Spells: 0 memorised, 4 levels left

rFire  . . .     SeeInvis .     a - +0 flail
rCold  . . .     Gourm    .     i - +0 leather armour (curse)
rNeg   + . .     Faith    .     c - +0 shield
rPois  ∞         Spirit   .     (no helmet)
rElec  +         Reflect  .     (no cloak)
rCorr  .         Harm     .     (no gloves)
MR     .....                    o - +0 pair of boots (curse)
Stlth  ++........               x - amulet of rage
                                (no ring)
                                l - ring of stealth

@: no status effects
A: negative energy resistance 1, electricity resistance, unbreathing,
petrification resistance, rot immunity, AC +4
a: Evoke Berserk Rage


You were on level 4 of the Dungeon.
You were not hungry.

You visited 1 branch of the dungeon, and saw 4 of its levels.

You collected 209 gold pieces.

Inventory:

Hand Weapons
 a - a +0 flail (weapon)
 y - a +1 dagger of freezing
Armour
 b - a +0 scale mail
 c - a +0 shield (worn)
 i - a cursed +0 leather armour (worn)
 o - a cursed +0 pair of boots (worn)
Jewellery
 l - a ring of stealth (left hand)
 x - an amulet of rage (around neck)
Scrolls
 e - 6 scrolls of identify {unknown}
 h - 3 scrolls of magic mapping {unknown}
 r - 2 scrolls of remove curse {unknown}
 v - 2 scrolls of enchant weapon {unknown}
 z - a scroll of blinking {unknown}
Potions
 d - a potion of might
 g - 2 potions of curing {unknown}
 j - 2 potions of brilliance {unknown}
 m - a potion of haste {unknown}
 n - a potion of invisibility {unknown}
 p - a potion of heal wounds {unknown}
 q - a potion of lignification {unknown}
 s - a potion of cure mutation {unknown}
 t - 2 potions of mutation {unknown}
 u - 3 potions of berserk rage {unknown}
 w - a potion of magic {unknown}
Books
 k - a book of Minor Magic

   Spells                             Type                      Level
   a - Magic Dart                     Conjuration                  1
   b - Blink                          Translocation                2
   c - Call Imp                       Summoning                    2
   d - Repel Missiles                 Charms/Air                   2
   e - Slow                           Hexes                        2
   f - Conjure Flame                  Conjuration/Fire             3
   g - Mephitic Cloud                 Conjuration/Poison/Air       3
Comestibles
 f - 3 bread rations
 A - 6 chunks of flesh


   Skills:
 - Level 3.2 Fighting
 + Level 5.6 Maces & Flails
 - Level 3.2 Armour
 - Level 0.4 Dodging
 - Level 1.0 Stealth
 - Level 3.2 Shields


You had 4 spell levels left.
You didn't know any spells.

Dungeon Overview and Level Annotations

Branches:
Dungeon (4/15)
 Temple: D:4-7

Altars:
Xom


Innate Abilities, Weirdness & Mutations

You are resistant to torment.
Your stone body is resilient. (AC +4)
You are immune to poison.
You resist negative energy. (rN+)
You are resistant to electric shocks. (rElec)
You can survive without breathing.
You are immune to petrification.
You are immune to rotting.


Message History

The quokka is heavily wounded.
The quokka bites you but does no damage.
You block the quokka's attack.
You sock the quokka!
You kill the quokka!
You sock the ogre!
The ogre is heavily wounded.
You block the ogre's attack.
You hit the ogre.
The ogre is severely wounded.
You hit the ogre but do no damage.
The ogre is severely wounded.
The ogre hits you with a giant spiked club!!
Ouch! That really hurt!
* * * LOW HITPOINT WARNING * * *
You hit the ogre but do no damage.
The ogre is severely wounded.
The ogre hits you with a giant spiked club!!
Ouch! That really hurt!
You die...

...................#####.###
#..#
.....)..........#.#..÷..#
#..# #............(#.#.#####
#..# #.......O....##...#
#..# #........#..####.# #..#
##..#######O## ##.# ####..#
####.......###.# #..#
###......
#....#####.....####..#
##........ #.####
##....O@....###..#...... ..#
##..###................ ..#
#######.......#.########..##
#.####.O......####.#.# ##.#
#.##...####...# #.#.. ....
#....### #...# #...## ....
#.#### #...# #.... . #.#
#[..# #...# ### ##### #...#


You could see an ogre.

Vanquished Creatures
  A howler monkey (D:4)
  An orc priest (D:3)
  8 adders
  An adder skeleton (D:4)
  2 dart slugs
  3 orcs
  2 giant cockroaches
  6 goblins
  4 hobgoblins
  4 jackals
  6 kobolds
  2 quokkas (D:4)
  5 bats
  4 frilled lizards
  7 rats
56 creatures vanquished.

Notes
Turn   | Place    | Note
-------+----------+-------------------------------------------
     0 | D:1      | Kwzr the Gargoyle Fighter began the quest for the Orb.
     0 | D:1      | Reached XP level 1. HP: 14/14 MP: 1/1
   172 | D:1      | Reached XP level 2. HP: 17/19 MP: 2/2
   499 | D:1      | Reached skill level 3 in Maces & Flails
  1079 | D:2      | Reached XP level 3. HP: 18/23 MP: 3/3
  1373 | D:2      | Reached skill level 1 in Stealth
  1373 | D:2      | Reached XP level 4. HP: 27/28 MP: 4/4
  1412 | D:2      | Reached skill level 4 in Maces & Flails
  1501 | D:2      | Found a shimmering altar of Xom.
  1503 | D:2      | Found a shimmering altar of Xom.
  1503 | D:2      | Found a shimmering altar of Xom.
  1504 | D:2      | Found a shimmering altar of Xom.
  1504 | D:2      | Found a shimmering altar of Xom.
  1504 | D:2      | Found a shimmering altar of Xom.
  2754 | D:3      | Reached XP level 5. HP: 10/32 MP: 5/5
  3121 | D:4      | Reached skill level 5 in Maces & Flails
  3244 | D:4      | Noticed an ogre
  3343 | D:4      | Demolished by an ogre

Vault maps used:
D:1:      nagdon_arrival_double_spiral, minmay_quantized
D:2:      xom_redecorated
D:4:      first_bread, mrwooster_statue_mirror

Skill      XL: |  1  2  3  4  5 |
---------------+----------------+-----
Maces & Flails | 3 4 5 |  5.6
Stealth        | 1 |  1.0
Fighting       | |  3.2
Armour         | |  3.2
Dodging        | |  0.4
Shields        | |  3.2

Action                   |  1- 3 |  4- 6 || total
-------------------------+-------+-------++-------
Melee: Flail             |    84 |   162 ||   246
 Stab: Sleeping          |       |     2 ||     2
  Eat: Chunk             |     2 |     6 ||     8
Armor: Scale mail        |    13 |       ||    13
       Leather armour    |    25 |    63 ||    88
Dodge: Dodged            |    32 |    52 ||    84
Block: Shield            |    48 |    88 ||   136
